 Dungeon Crawl Stone Soup version 0.31.0 (webtiles) character file.

Game seed: 16601267442591167433

1416 Legs the Cudgeller (level 8, 0/64 (71) HPs)
             Began as a Minotaur Berserker on Jan 19, 2024.
             Was an Elder of Trog.
             Slain by a wight
             ... wielding a +5 halberd
              (1 damage)
             ... on level 6 of the Dungeon on Jan 20, 2024.
             The game lasted 00:33:53 (5125 turns).

Legs the Cudgeller (Minotaur Berserker)             Turns: 5125, Time: 00:33:56

HP:   0/64 (71)     AC: 10    Str: 24    XL:     8   Next: 43%
MP:   7/7           EV: 11    Int:  4    God:    Trog [****..]
Gold: 126           SH:  0    Dex: 10    Spells: 7/7 levels left

rFire   + . .        I - +1 war axe
rCold   . . .        (no shield)
rNeg    . . .        d - +0 scale mail
rPois   +            (helmet restricted)
rElec   .            f - +0 cloak
rCorr   .            i - +0 pair of gloves
SInv    .            (no boots)
Will    +....        e - amulet of the acrobat Stlth
                     c - ring of protection from fire
HPRegen 0.30/turn    (no ring)
MPRegen 0.10/turn

%: acrobat, clarity
@: about to teleport, drained
A: horns 2, retaliatory headbutt, clarity, strong-willed 1, poison resistance,
subdued magic 1
a: Renounce Religion, Berserk, Trog's Hand, Brothers in Arms


You were on level 6 of the Dungeon.
You worshipped Trog.
Trog was greatly pleased with you.
You visited 1 branch of the dungeon, and saw 6 of its levels.
You also visited: Sewer.

You collected 126 gold pieces.

Inventory:

Hand Weapons
 m - a +3 hand axe of freezing
 I - a +1 war axe (weapon)
Missiles
 b - 5 poisoned darts
 x - 3 throwing nets
 A - 13 boomerangs (quivered)
Armour
 d - a +0 scale mail (worn)
 f - a +0 cloak (worn)
 i - a +0 pair of gloves (worn)
Jewellery
 c - a ring of protection from fire (left hand)
 e - an amulet of the acrobat (around neck)
 l - a ring of fire
 H - an amulet of guardian spirit
Talismans
 B - a maw talisman
Wands
 k - a wand of mindburst (21)
 F - a wand of flame (9)
Scrolls
 a - a scroll of immolation {unknown}
 g - 3 scrolls of identify
 h - a scroll of enchant weapon
 j - a scroll of brand weapon {unknown}
 s - a scroll of noise {unknown}
 u - 5 scrolls of fear
 y - a scroll of blinking {unknown}
 E - a scroll of fog {unknown}
 J - 2 scrolls of teleportation
 K - a scroll of amnesia {unknown}
Potions
 o - 3 potions of resistance
 p - 2 potions of attraction {unknown}
 w - a potion of heal wounds {unknown}
 z - a potion of haste
 C - 3 potions of curing
 D - a potion of might
 L - a potion of cancellation {unknown}


   Skills:
 + Level 6.4 Fighting
 + Level 2.9(5.7) Axes
 + Level 7.7(8.0) Maces & Flails
 + Level 0.6 Throwing
 + Level 5.5 Armour
 + Level 5.6 Dodging
 + Level 2.3 Stealth


You had 7 spell levels left.
You didn't know any spells.
Your spell library was empty.

Dungeon Overview and Level Annotations

Branches:
Dungeon (6/15)              Sewer (visited)
 Temple: D:4-7

Altars:
Xom

Shops:
D:2 [   D:5 !


Innate Abilities, Weirdness & Mutations

You have a pair of horns on your head.
You reflexively headbutt those who attack you in melee.
You possess an exceptional clarity of mind.
You are strong-willed. (Will+)
Your system is resistant to poisons. (rPois)
Your spells are a little easier to cast, but a little less powerful.


Message History

The wight hits you with a +3 hand axe of freezing.
The wight freezes you.
You completely miss the wight.
The wight is severely damaged.
The wight hits you but does no damage. The wight closely misses you.
You furiously retaliate!
You headbutt the wight. You hit the wight but do no damage.
Your headbutt misses the wight.
The wight is almost destroyed.
The wight hits you with a +3 hand axe of freezing.
You feel drained. The wight freezes you.
You completely miss the wight.
The wight is almost destroyed.
The wight hits you with a +3 hand axe of freezing!
The wight freezes you.
You slash the wight!
You destroy the wight!
Trog accepts your kill. 2 wights come into view.
Things that are here:
a +3 hand axe of freezing; a +0 robe
There are monsters nearby!
There are no items here.
Things that are here:
a +3 hand axe of freezing; a +0 robe
m - a +3 hand axe of freezing You slash the wight!
The wight is severely damaged.
The wight barely misses you. x2; The wight hits you with a +2 hand axe.
* * * LOW HITPOINT WARNING * * *
The wight hits you from afar with a +5 halberd!
* * * LOW HITPOINT WARNING * * *
You feel drained.
* * * LOW HITPOINT WARNING * * *
As you read the scroll of teleportation, it crumbles to dust.
You feel strangely unstable. The wight barely misses you.
You furiously retaliate!
You headbutt the wight.
The wight hits you from afar with a +5 halberd!
* * * LOW HITPOINT WARNING * * *
You feel drained.
You die...

##.##. #......
##....#....
#.)....##....## ..#
#....##.....# .
####........#....#
.##..........###.....
............## #.###
#..........#.. .#
###............##
#.z@......##.#
#.........#
...z#.......# ###.#
..##.###..%.....
###.... ## ..#.#.....
.....## #.#.##.###
.....# #.... .# ....#
.. .# ##...


You could see 2 wights.

Vanquished Creatures
  Duvessa (D:4)
  A black bear (D:4)
  3 kobold brigands (Sewer)
  2 phantoms
  2 scorpions
  A wight (D:6)
  Dowan (D:4)
  3 bombardier beetles
  2 hounds (D:5)
  2 gnoll boudas (D:5)
  An iguana (D:5)
  A sleepcap (D:6)
  Ijyb (D:3)
  An orc wizard (D:4)
  Natasha (twice) (D:3)
  7 gnolls (D:5)
  9 adders
  2 dart slugs (D:3)
  3 ribbon worms
  12 orcs
  8 endoplasms
  7 giant cockroaches
  11 goblins
  3 hobgoblins
  3 jackals (D:3)
  19 kobolds
  2 quokkas
  11 ball pythons
  10 bats
  7 frilled lizards
  7 rats
145 creatures vanquished.

Notes
Turn   | Place    | Note
-------+----------+-------------------------------------------
     0 | D:1      | Legs the Minotaur Berserker began the quest for the Orb.
     0 | D:1      | Reached XP level 1. HP: 19/19 MP: 0/0
   225 | D:1      | Reached XP level 2. HP: 20/27 MP: 1/1
   271 | D:1      | Reached skill level 4 in Maces & Flails
   637 | D:1      | Reached ** piety under Trog
   684 | D:1      | Reached XP level 3. HP: 28/33 MP: 2/2
  1014 | D:2      | Upgraded the game from 0.31-b1-22-gc680215f68 to 0.31.0
  1037 | D:2      | Found Peyramp's Antique Armour Emporium.
  1229 | D:2      | Reached XP level 4. HP: 40/40 MP: 3/3
  1416 | D:2      | Found a shimmering altar of Xom.
  1793 | D:3      | Noticed Natasha
  1805 | D:3      | Killed Natasha
  1806 | D:3      | Reached skill level 5 in Maces & Flails
  1935 | D:3      | Found a glowing drain.
  1938 | Sewer    | Entered a sewer
  2127 | Sewer    | Noticed a kobold brigand
  2140 | Sewer    | Killed a kobold brigand
  2141 | Sewer    | Reached skill level 1 in Stealth
  2141 | Sewer    | Reached XP level 5. HP: 47/47 MP: 4/4
  2287 | Sewer    | Reached skill level 6 in Maces & Flails
  2287 | Sewer    | Reached XP level 6. HP: 53/53 MP: 5/5
  2301 | Sewer    | Reached *** piety under Trog
  2772 | D:3      | Noticed Ijyb
  2785 | D:3      | Killed Ijyb
  2786 | D:3      | Reached skill level 5 in Fighting
  3011 | D:3      | Noticed Natasha
  3020 | D:3      | Killed Natasha
  3226 | D:3      | Gained mutation: You are weak. (Str -2) [potion of
                  | mutation]
  3226 | D:3      | Gained mutation: You have a pair of large horns on your
                  | head. [potion of mutation]
  3226 | D:3      | Gained mutation: Your spells are a little harder to cast,
                  | but a little more powerful. [potion of mutation]
  3227 | D:3      | Lost mutation: Your spells are a little harder to cast, but
                  | a little more powerful. [potion of mutation]
  3227 | D:3      | Lost mutation: You have a pair of large horns on your head.
                  | [potion of mutation]
  3227 | D:3      | Lost mutation: You are weak. (Str -2) [potion of mutation]
  3227 | D:3      | Gained mutation: You have a pair of large horns on your
                  | head. [potion of mutation]
  3227 | D:3      | Gained mutation: You have an increased reservoir of magic.
                  | (+10% MP) [potion of mutation]
  3228 | D:3      | Lost mutation: You have an increased reservoir of magic.
                  | (+10% MP) [potion of mutation]
  3228 | D:3      | Lost mutation: You have a pair of large horns on your head.
                  | [potion of mutation]
  3228 | D:3      | Gained mutation: You possess an exceptional clarity of
                  | mind. [potion of mutation]
  3228 | D:3      | Gained mutation: Your spells are a little easier to cast,
                  | but a little less powerful. [potion of mutation]
  3228 | D:3      | Gained mutation: Your system is resistant to poisons.
                  | (rPois) [potion of mutation]
  3228 | D:3      | Gained mutation: You are strong-willed. (Will+) [potion of
                  | mutation]
  3333 | D:4      | Reached XP level 7. HP: 31/61 MP: 6/6
  3516 | D:4      | Reached skill level 7 in Maces & Flails
  4125 | D:5      | Entered Level 5 of the Dungeon
  4125 | D:5      | Noticed Duvessa
  4125 | D:5      | Noticed Dowan
  4164 | D:4      | Killed Duvessa
  4304 | D:4      | Killed Dowan
  4305 | D:4      | Reached skill level 5 in Dodging
  4349 | D:5      | Reached XP level 8. HP: 70/70 MP: 7/7
  4567 | D:5      | Reached **** piety under Trog
  4587 | D:5      | Found Ylliet's Distillery.
  4611 | D:5      | Reached skill level 1 in Axes
  4681 | D:5      | Reached skill level 5 in Armour
  5125 | D:6      | HP: 1/66 [wight/+5 halberd (11)]
  5125 | D:6      | Slain by a wight

Illustrated notes

Levels and vault maps discovered:
D:1:      psy_arrival_fountain, layout_basic
D:2:      layout_loops_cross, basic_altar, serial_shops, shop
D:3:      layout_basic, mainiacjoe_sewer_entry_somewhere_in_here_1,
          grunt_ministairs_13, uniq_ijyb, uniq_natasha
D:4:      layout_rooms
D:5:      layout_basic, serial_shops, shop, uniq_duvessa
D:6:      layout_cave_pools, minmay_splitting_lines, minivault_1, st_stairs_4,
          kennysheep_path_1

Skill      XL: |  1  2  3  4  5  6  7  8 |
---------------+-------------------------+-----
Maces & Flails | 4 5 6 7 |  7.7
Fighting       | 4 5 6 |  6.4
Dodging        | 3 4 5 |  5.6
Stealth        | 1 2 |  2.3
Armour         | 4 5 |  5.5
Axes           | 2 |  2.9
Throwing       | |  0.6

Action                     |  1- 3 |  4- 6 |  7- 9 || total
---------------------------+-------+-------+-------++-------
  Melee: Mace              |    62 |   134 |    25 ||   221
         Headbutt          |     5 |    20 |    24 ||    49
         War axe           |       |       |    92 ||    92
         Punch             |       |       |     3 ||     3
  Throw: Dart              |       |     3 |       ||     3
 Invoke: Berserk           |       |     2 |     1 ||     3
         Trog's Hand       |       |     2 |     1 ||     3
    Use: Potion            |       |     6 |     2 ||     8
         Scroll            |       |     3 |     2 ||     5
   Stab: Sleeping          |     1 |     2 |       ||     3
 Armour: Animal skin       |    35 |    51 |       ||    86
         Ring mail         |       |     9 |    82 ||    91
         Scale mail        |       |       |    11 ||    11
  Dodge: Dodged            |    46 |   143 |   129 ||   318
         Form:             |       |     1 |       ||     1
         Maw               |       |     1 |       ||     1
